 Dungeon Crawl Stone Soup version 0.23-a0-29-g1be82e5 (webtiles) character file.

3462 torrenera the Grappler (level 9, -6/96 HPs)
             Began as a Troll Monk on Aug 3, 2018.
             Was a Believer of Makhleb.
             Shot with an arrow by a centaur warrior (11 damage)
             ... on level 8 of the Dungeon.
             The game lasted 00:10:19 (6571 turns).

torrenera the Grappler (Troll Monk)                 Turns: 6571, Time: 00:10:19

Health: -6/96      AC:  7    Str: 21    XL:     9   Next: 78%
Magic:  8/8        EV: 10    Int:  9    God:    Makhleb [**....]
Gold:   354        SH:  0    Dex: 12    Spells: 8/8 levels left

rFire    . . .     SeeInvis .     - Unarmed
rCold    . . .     Gourm    +   (no shield)
rNeg     . . .     Faith    .   a - +0 robe
rPois    .         Spirit   .   z - +1 hat
rElec    .         Reflect  .   E - +0 cloak
rCorr    .         Harm     .   (gloves unavailable)
MR       .....                  (boots unavailable)
Stlth    ++........             (no amulet)
HPRegen  0.66/turn              (no ring)
MPRegen  0.11/turn              (no ring)

@: no status effects
A: large, unfitting armour, claws 3, fast metabolism 3, gourmand, regeneration
1, shaggy fur 1, tough skin 2
a: Minor Destruction, Renounce Religion


You were on level 8 of the Dungeon.
You worshipped Makhleb.
Makhleb was pleased with you.
You were not hungry.

You visited 2 branches of the dungeon, and saw 9 of its levels.
You also visited: Sewer.

You collected 354 gold pieces.

Inventory:

Missiles
 l - 198 stones (quivered)
Armour
 a - a +0 robe (worn)
 y - a +0 shield
 z - a +1 hat (worn)
 E - a +0 cloak (worn)
Jewellery
 c - a +2 ring of intelligence {unknown}
 i - a cursed ring of fire {unknown}
 p - an uncursed ring of stealth {unknown}
Scrolls
 d - 4 scrolls of amnesia {unknown}
 e - 7 scrolls of teleportation {unknown}
 h - 9 scrolls of identify {unknown}
 j - 2 scrolls of enchant armour {unknown}
 k - 2 scrolls of blinking {unknown}
 m - 3 scrolls of enchant weapon {unknown}
 o - a scroll of magic mapping {unknown}
 q - 5 scrolls of immolation
 u - 2 scrolls of noise {unknown}
 w - a scroll of random uselessness {unknown}
 B - 4 scrolls of remove curse {unknown}
Potions
 f - 3 potions of agility {unknown}
 g - 4 potions of brilliance {unknown}
 n - 4 potions of flight {unknown}
 r - 2 potions of degeneration {unknown}
 s - a potion of magic {unknown}
 t - 3 potions of resistance {unknown}
 v - 3 potions of curing {unknown}
 x - 7 potions of heal wounds {unknown}
 A - 2 potions of might {unknown}
 C - a potion of haste {unknown}
Comestibles
 b - 17 rations
 D - 6 chunks of flesh


   Skills:
 * Level 8.0 Fighting
 - Level 2.4 Dodging
 - Level 1.0 Stealth
 - Level 11.0 Unarmed Combat


You had 8 spell levels left.
You didn't know any spells.
Your spell library was empty.

Dungeon Overview and Level Annotations

Branches:
Dungeon (8/15)             Temple (1/1) D:6
   Lair: D:8-11

Altars:
Ashenzari
Cheibriados
Dithmenos
Elyvilon
Fedhas
Makhleb
Nemelex Xobeh
Okawaru
Qazlal
Ru
Sif Muna
Uskayaw
Vehumet
The Shining One


Innate Abilities, Weirdness & Mutations

You are too large for most types of armour.
You have claws for hands.
Your metabolism is lightning-fast.
You like to eat raw meat.
Your natural rate of healing is unusually fast.
You are covered in fur. (AC +1)
You have very tough skin. (AC +2)


Message History

* * * LOW HITPOINT WARNING * * *
The bullfrog skeleton closely misses you.
You mangle the two-headed ogre!!
The two-headed ogre is almost dead.
The bullfrog skeleton hits you.
* * * LOW HITPOINT WARNING * * *
An orc comes into view.
A sky beast comes into view.
The two-headed ogre closely misses you.
The two-headed ogre hits you with a giant club.
* * * LOW HITPOINT WARNING * * *
A centaur warrior comes into view. It is wielding a staff of power.
The centaur warrior shouts!
The centaur warrior wields a shortbow.
The centaur warrior shoots an arrow.
The arrow misses you.
The centaur warrior shoots an arrow.
The arrow hits you!
* * * LOW HITPOINT WARNING * * *
You see here an arrow.
The centaur warrior shoots an arrow.
The arrow hits you!
You die...

.#....#### . ###....##
##..# ##....### ##...##
###....###.....##
##............#
##...........#
##..........#
##...........#
#.........@.(#
#.........(.##
##........O.# #........Z##
####.........o##
###........c.##..#
###.....###%.#####.#
..).########%#####.#######
.#### #....%.......o....


You could see a centaur warrior, a two-headed ogre, an orc and a bullfrog
skeleton.

Vanquished Creatures
  Grinder (D:5)
  2 hippogriffs (D:8)
  The ghost of poirepourri the Thaumaturge, an amateur DECj of Vehumet (D:5)
  A hungry ghost (D:8)
  Edmund (D:4)
  3 phantoms
  2 orc warriors
  6 ogres
  A centaur (D:7)
  2 big kobolds (Sewer)
  2 bullfrogs
  2 scorpions
  6 wights
  2 howler monkeys
  2 crimson imps
  3 bullfrog zombies
  A jelly (D:7)
  4 hounds
  2 orc priests (D:8)
  9 worker ants
  A worker ant zombie (D:5)
  3 gnolls (D:2)
  10 adders
  A howler monkey skeleton (D:5)
  A shadow imp (D:5)
  An ooze (Sewer)
  2 dart slugs
  4 leopard geckos
  5 orcs
  8 bats
  8 giant cockroaches
  4 goblins
  9 hobgoblins
  4 jackals (D:7)
  3 quokkas
  6 ball pythons
  7 frilled lizards
  17 kobolds
  A leopard gecko zombie (D:6)
  A quokka zombie (D:5)
  6 rats
155 creatures vanquished.

Notes
Turn   | Place    | Note
-------+----------+-------------------------------------------
     0 | D:1      | torrenera the Troll Monk began the quest for the Orb.
     0 | D:1      | Reached XP level 1. HP: 22/22 MP: 0/0
   194 | D:1      | Reached XP level 2. HP: 24/29 MP: 1/1
   650 | D:2      | Found a radiant altar of Vehumet.
   658 | D:2      | Reached skill level 4 in Unarmed Combat
   732 | D:2      | Reached XP level 3. HP: 36/36 MP: 2/2
  1133 | D:2      | Found a blossoming altar of Fedhas.
  1269 | D:2      | Reached XP level 4. HP: 44/44 MP: 3/3
  1644 | D:3      | Reached skill level 5 in Unarmed Combat
  1689 | D:3      | Found a hide-covered altar of Uskayaw.
  1692 | D:3      | Noticed a hand axe
  1693 | D:3      | Noticed a dagger
  2199 | D:3      | Reached XP level 5. HP: 43/50 MP: 4/4
  2439 | D:4      | Reached skill level 6 in Unarmed Combat
  2529 | D:4      | Found a glowing drain.
  2598 | Sewer    | Entered a sewer
  2778 | Sewer    | Reached XP level 6. HP: 59/59 MP: 5/5
  2780 | Sewer    | Reached skill level 7 in Unarmed Combat
  2968 | D:4      | Noticed Edmund
  2974 | D:4      | Killed Edmund
  3018 | D:4      | Reached skill level 8 in Unarmed Combat
  3163 | D:4      | Reached XP level 7. HP: 60/66 MP: 6/6
  3508 | D:5      | Entered Level 5 of the Dungeon
  3536 | D:5      | Found a runed door.
  3537 | D:5      | Noticed poirepourri's ghost (amateur DECj)
  3551 | D:5      | Killed poirepourri's ghost
  3551 | D:5      | Reached skill level 9 in Unarmed Combat
  3625 | D:5      | Found a snail-covered altar of Cheibriados.
  3716 | D:5      | Noticed Grinder
  3733 | D:5      | Killed Grinder
  3733 | D:5      | Reached skill level 10 in Unarmed Combat
  3733 | D:5      | Reached XP level 8. HP: 48/74 MP: 7/7
  4498 | D:6      | Found a staircase to the Ecumenical Temple.
  4505 | D:6      | Reached skill level 11 in Unarmed Combat
  4529 | Temple   | Entered the Ecumenical Temple
  4600 | Temple   | Became a worshipper of Makhleb the Destroyer
  4600 | Temple   | Reached * piety under Makhleb
  4600 | Temple   | Reached ** piety under Makhleb
  5426 | D:7      | Reached XP level 9. HP: 74/85 MP: 8/8
  5518 | D:7      | Found a deep blue altar of Sif Muna.
  5575 | D:7      | Reached skill level 5 in Fighting
  6553 | D:8      | Noticed a two-headed ogre
  6568 | D:8      | Noticed a centaur warrior
  6571 | D:8      | Shot with an arrow by a centaur warrior

Vault maps used:
D:1:      saegor_arrival_miasma
D:2:      vehumet_crystals, fedhas_altar_4, first_ration,
          minmay_misc_feat_four_crosses, hangedman_decor_points
D:3:      dancing_weapons_uskayaw
D:4:      portal_sewer_entry_e, hangedman_decor_push, minmay_misc_feat_tiny,
          minmay_strange_pillars, saegor_snake_ambush, uniq_edmund
D:5:      cheibrodos_iron_armory, ebering_ghost_inner_flame,
          kennysheep_slug_shrine, uniq_grinder
D:6:      minmay_temple_entry_statues_fountains
D:7:      nicolae_overflow_crystal_walls
D:8:      minmay_the_grid_triangle_9x9_recursive_2, lair_entry_dummy,
          special_room
Temple:   dpeg_five_rooms_temple
Sewer:    kennysheep_pipe_town

Skill      XL: |  1  2  3  4  5  6  7  8  9 |
---------------+----------------------------+-----
Unarmed Combat | 4 5 6 8 10 11 | 11.0
Fighting       | 4 8 |  8.0
Dodging        | |  2.4
Stealth        | |  1.0

Action                   |  1- 3 |  4- 6 |  7- 9 || total
-------------------------+-------+-------+-------++-------
Melee: Unarmed           |    62 |   168 |   253 ||   483
       Punch             |     1 |     4 |    12 ||    17
Throw: Stone             |       |       |    13 ||    13
 Stab: Sleeping          |     2 |     1 |       ||     3
  Eat: Chunk             |    14 |    21 |    29 ||    64
Armor: Robe              |    11 |    54 |    60 ||   125
Dodge: Dodged            |    30 |    91 |   112 ||   233

Table legend:
 A = Spawn XP
 B = Non-spawn XP
 C = Spawn XP percentage of total XP
 D = Spawn monster count
 E = Non-spawn monster count
 F = Spawn count percentage of total count
 G = Total turns spent on level
                    A         B        C        D         E        F      G
               +---------+---------+-------+---------+---------+-------+---------
         Total |       0 |    4946 |   0.0 |       0 |     155 |   0.0 |  6571
               +---------+---------+-------+---------+---------+-------+---------
           D:1 |       0 |      20 |   0.0 |       0 |      13 |   0.0 |   650
           D:2 |       0 |      77 |   0.0 |       0 |      10 |   0.0 |   927
           D:3 |       0 |     114 |   0.0 |       0 |      21 |   0.0 |   837
           D:4 |       0 |     405 |   0.0 |       0 |      17 |   0.0 |   808
           D:5 |       0 |    1047 |   0.0 |       0 |      19 |   0.0 |   927
           D:6 |       0 |     789 |   0.0 |       0 |      17 |   0.0 |   849
           D:7 |       0 |     890 |   0.0 |       0 |      18 |   0.0 |   928
           D:8 |       0 |    1373 |   0.0 |       0 |      16 |   0.0 |   236
         Sewer |       0 |     231 |   0.0 |       0 |      24 |   0.0 |   286
               +---------+---------+-------+---------+---------+-------+---------
